 Dungeon Crawl Stone Soup version 0.30.1-9-gdf580d7c3d (webtiles) character file.

Game seed: 8064520733971141424

79 Chiseanne the Ducker (level 4, 25/34 HPs)
             Began as a Demonspawn Wanderer on Oct 11, 2023.
             Quit the game on level 2 of the Dungeon.
             The game lasted 00:03:40 (1821 turns).

Chiseanne the Ducker (Demonspawn Wanderer)          Turns: 1821, Time: 00:03:41

Health: 25/34      AC:  7    Str: 14    XL:     4   Next: 16%
Magic:  4/4        EV: 12    Int: 13    God:
Gold:   127        SH:  0    Dex: 13    Spells: 3/3 levels left

rFire   . . .        s - +0 mace
rCold   . . .        (no shield)
rNeg    . . .        p - +0 scale mail
rPois   .            (helmet restricted)
rElec   .            c - +0 cloak
rCorr   .            (no gloves)
SInv    .            (no boots)
Will    .....        (no amulet) Stlth
                     (no ring)
HPRegen 0.25/turn    (no ring)
MPRegen 0.09/turn

%: no passive effects
@: no status effects
A: antennae 2, repulsion field 1
a: no special abilities


You were on level 2 of the Dungeon.
You visited 1 branch of the dungeon, and saw 2 of its levels.

You collected 127 gold pieces.

Inventory:

Hand Weapons
 a - a +0 spear
 r - a +1 flail of holy wrath
 s - a +0 mace (weapon)
Missiles
 k - 11 stones
 o - 6 atropa-tipped darts
Armour
 c - a +0 cloak (worn)
 e - a +0 ring mail of willpower
 m - a +1 helmet
 p - a +0 scale mail (worn)
Jewellery
 j - a ring of fire
Scrolls
 g - a scroll of amnesia {unknown}
 i - a scroll of teleportation {unknown}
 q - a scroll of acquirement {unknown}
Potions
 d - 2 potions of attraction
 f - 2 potions of curing
 h - a potion of cancellation {unknown}
 l - 3 potions of heal wounds
 n - a potion of berserk rage
Miscellaneous
 b - a box of beasts (inert) (quivered)


   Skills:
 * Level 2.3 Fighting
 - Level 1.7 Polearms
 * Level 2.2 Armour
 * Level 3.4 Dodging
 - Level 1.2 Invocations
 - Level 2.0 Evocations


You had 3 spell levels left.
You didn't know any spells.
Your spell library was empty.

Dungeon Overview and Level Annotations

Branches:
Dungeon (2/15)

Altars:


Innate Abilities, Weirdness & Mutations

You have a pair of antennae on your head.
You are surrounded by a mild repulsion field. (EV +2)


Message History

g - Guard the area. f - Follow me.
Anything else - Cancel.
Gang up on whom?
Press: ? - help, Dir - move target, f - orc
Aim: an orc, wielding a +1 flail of holy wrath (ally target) Attack!
Your larval stingfire beast breathes flames at the orc.
The blast of flame hits the orc!
The orc dies!
Things that are here:
a +1 flail of holy wrath; an orc corpse
r - a +1 flail of holy wrath You see here a ball python corpse.
Your larval stingfire beast disappears in a puff of smoke!
You see here a ball python corpse.
You now have 114 gold pieces (gained 12).
You now have 127 gold pieces (gained 13).
A goblin comes into view. It is wielding a +0 club.
The goblin shouts!
An iguana comes into view.
You see here a +0 club.
You thump the iguana!
The iguana is heavily wounded.
The iguana barely misses you.
You hit the iguana.
The iguana is severely wounded.
The iguana bites you but does no damage.
The iguana barely misses you.
You hit the iguana.
The iguana is severely wounded.
The iguana closely misses you.
You hit the iguana.
The iguana is almost dead.
The iguana bites you! The iguana barely misses you.
You hit the iguana.
You kill the iguana!
You have reached level 4!
You feel clever.
Your demonic ancestry asserts itself...
The antennae on your head grow some more.
Are you sure you want to abandon this character and quit the game? (Confirm with "yes".)

###..........##.# ########..###
#..........##.# #..# #
#..........##.# #..#
#..........##.##########..###
#..........##.........##.....
#..........##.........##...##
#..........##.........##...#
#..........##)......รท.##...#
####'#####...g@.........##...#
#........#...###........##...##
#........#...# #........'......
#........#...# #........##...##
#........#...# #.......[+....#
#.......^#...# #........##..##
####'#####...# #........##..###
#.# #...# ###'####.##..... #.#
##### #.# #.###.###


You could see a goblin.

Vanquished Creatures
  Jessica (D:2)
  An iguana (D:2)
  An endoplasm (D:2)
  3 goblins (D:2)
  3 hobgoblins (D:2)
  3 quokkas
  2 ball pythons
  2 bats
  2 frilled lizards
  5 kobolds
  4 rats
27 creatures vanquished.

Vanquished Creatures (collateral kills)
  An orc (D:2)
1 creature vanquished.

Grand Total: 28 creatures vanquished

Notes
Turn   | Place    | Note
-------+----------+-------------------------------------------
     0 | D:1      | Chiseanne the Demonspawn Wanderer began the quest for the
                  | Orb.
     0 | D:1      | Chiseanne set off with the following items: a +0 spear, a
                  | box of beasts, a +0 cloak, a potion of attraction, a +0
                  | leather armour.
     0 | D:1      | Reached XP level 1. HP: 15/15 MP: 1/1
   111 | D:1      | Found a faded altar of an unknown god.
  1024 | D:2      | Gained mutation: You are surrounded by a mild repulsion
                  | field. (EV +2) [demonic ancestry]
  1024 | D:2      | Reached XP level 2. HP: 19/21 MP: 2/2
  1069 | D:2      | Reached skill level 3 in Dodging
  1084 | D:2      | Noticed Jessica
  1096 | D:2      | Killed Jessica
  1097 | D:2      | Gained mutation: You have a pair of small antennae on your
                  | head. [demonic ancestry]
  1097 | D:2      | Reached XP level 3. HP: 22/27 MP: 3/3
  1821 | D:2      | Gained mutation: You have a pair of antennae on your head.
                  | [demonic ancestry]
  1821 | D:2      | Reached XP level 4. HP: 25/34 MP: 4/4
  1821 | D:2      | Quit the game

Illustrated notes

Levels and vault maps discovered:
D:1:      denvon_arrival_waterhouse, layout_loops_ring,
          shapermc_ecumenical_altar_mp_ritualfount, serial_bayou,
          serial_bayou_pond_c, serial_bayou_crossing, serial_bayou_pond_d,
          serial_bayou_lake_a, corexii_leaking_fountain
D:2:      layout_basic, uniq_jessica

Skill      XL: |  1  2  3 |
---------------+----------+-----
Dodging        | 3 |  3.4
Fighting       | 2 |  2.3
Armour         | 2 |  2.2
Polearms       | |  1.7
Invocations    | |  1.2
Evocations     | |  2.0

Action                     |  1- 3 |  4- 6 || total
---------------------------+-------+-------++-------
  Melee: Spear             |   105 |       ||   105
         Mace              |    36 |       ||    36
         Punch             |     2 |       ||     2
  Evoke: Box of beasts     |     1 |       ||     1
    Use: Scroll            |     5 |       ||     5
 Armour: Scale mail        |    46 |       ||    46
         Ring mail         |     3 |       ||     3
         Leather armour    |     1 |       ||     1
  Dodge: Dodged            |    82 |       ||    82
